 Dungeon Crawl Stone Soup version 0.22.1-2-g9c5b331 (webtiles) character file.

393 teukkam the Skirmisher (level 6, -7/56 HPs)
             Began as a Minotaur Fighter on Dec 7, 2018.
             Was a Follower of Wu Jian.
             Mangled by Pikel
             ... wielding a +2 whip of electrocution
              (20 damage)
             ... on level 5 of the Dungeon on Dec 10, 2018.
             The game lasted 00:14:13 (4032 turns).

teukkam the Skirmisher (Minotaur Fighter)           Turns: 4032, Time: 00:14:13

Health: -7/56      AC:  5    Str: 21 (22) XL:     6   Next: 51%
Magic:  5/5        EV:  9    Int:  2 (5)  God:    Wu Jian [*.....]
Gold:   391        SH: 10    Dex:  9 (10) Spells: 5/5 levels left

rFire    . . .     SeeInvis .   a - +0 war axe
rCold    + + .     Gourm    .   c - +0 shield
rNeg     . . .     Faith    .   H - +1 leather armour {rC+}
rPois    .         Spirit   .   (helmet restricted)
rElec    .         Reflect  .   (no cloak)
rCorr    .         Harm     .   y - +0 pair of gloves
MR       .....                  (no boots)
Stlth    +.........             D - amulet of regeneration
HPRegen  0.58/turn              h - ring of protection from cold
MPRegen  0.09/turn              (no ring)

@: no status effects
A: retaliatory headbutt, horns 2
a: Renounce Religion


You were on level 5 of the Dungeon.
You worshipped Wu Jian.
Wu Jian was aware of your devotion.
You were not hungry.

You visited 1 branch of the dungeon, and saw 5 of its levels.
You also visited: Sewer and Ossuary.

You collected 391 gold pieces.

Inventory:

Hand Weapons
 a - a +0 war axe (weapon)
 b - a +0 hunting sling
 e - a +0 blowgun
 m - a +0 blowgun
 G - a +0 dagger
Missiles
 j - 116 stones (quivered)
 n - 17 poisoned needles
 q - 5 curare-tipped needles
Armour
 c - a +0 shield (worn)
 i - a +0 scale mail
 y - a +0 pair of gloves (worn)
 H - a +1 leather armour of cold resistance (worn)
Jewellery
 h - a ring of protection from cold (left hand)
 D - an amulet of regeneration (around neck)
Wands
 l - a wand of acid (2)
 F - a wand of flame (17)
Scrolls
 k - 2 scrolls of amnesia
 p - a scroll of remove curse
 u - a scroll of immolation {unknown}
 x - a scroll of teleportation
 C - a scroll of identify
 E - a scroll of blinking {unknown}
Potions
 d - 2 potions of might
 g - 2 potions of heal wounds {unknown}
 o - 3 potions of degeneration
 r - 4 potions of flight
 s - 4 potions of curing
 t - 3 potions of brilliance {unknown}
 v - a potion of resistance {unknown}
 w - 2 potions of haste {unknown}
 z - a potion of agility
 B - 2 potions of ambrosia {unknown}
Comestibles
 f - 6 rations


   Skills:
 + Level 5.2 Fighting
 + Level 4.2 Axes
 + Level 2.7 Slings
 + Level 5.2 Armour
 + Level 5.2 Shields


You had 5 spell levels left.
You didn't know any spells.
Your spell library was empty.

Dungeon Overview and Level Annotations

Branches:
Dungeon (5/15)
 Temple: D:4-7

Altars:
Elyvilon
Hepliaklqana
Makhleb
Nemelex Xobeh
Qazlal
Ru
Sif Muna
Uskayaw
Wu Jian
Yredelemnul

Shops:
D:4 !

Annotations:
D:5 Pikel


Innate Abilities, Weirdness & Mutations

You reflexively headbutt those who attack you in melee.
You have a pair of horns on your head.


Message History

Pikel is heavily wounded.
You spin to attack the slave, but your attack speed is too slow for a blow to Pikel hits you with a whip of electrocution!
You are electrocuted!
You block the slave's attack.
You spin and attack Pikel.
You slash Pikel! Your headbutt misses Pikel.
Pikel is severely wounded.
You spin and attack the slave.
You barely miss the slave.
The slave is heavily wounded.
Pikel barely misses you. The slave hits you!
* * * LOW HITPOINT WARNING * * *
It was a potion of degeneration.
There was something very wrong with that liquid.
You feel weakened.
You feel dopey.
You feel clumsy. Pikel closely misses you. You furiously retaliate!
You headbutt Pikel, but do no damage. The slave closely misses you.
The gnoll hits you from afar with a spear.
* * * LOW HITPOINT WARNING * * *
It was a potion of curing.
You feel better. Pikel hits you but does no damage.
You are electrocuted!
You die...

#.............#
#.###########.#
####.## #.#
#.....# #.#
#.....# #.#
#.....# #.#
#.....# #.#
#.....# #.#
#@p...# #.#
.#####Kp...#
#.#
.g(((gp.(..#
#.#
...#########
#.. . ###


You could see Pikel, 3 slaves and a gnoll.

Vanquished Creatures
  A big kobold (Sewer)
  Ijyb (D:4)
  A big kobold zombie (Ossuary)
  8 mummies (Ossuary)
  A gnoll (D:5)
  4 adders
  4 river rats
  2 oozes (D:3)
  An adder skeleton (D:4)
  A worm (D:3)
  2 dart slugs
  2 leopard geckos
  3 ball pythons
  3 bats
  8 giant cockroaches
  13 goblins
  5 hobgoblins
  8 jackals
  A quokka (D:4)
  3 frilled lizards
  A goblin zombie (D:4)
  5 hobgoblin zombies (Ossuary)
  4 kobolds
  A kobold zombie (Ossuary)
  An orc zombie (Ossuary)
  A quokka zombie (D:4)
  9 rats
94 creatures vanquished.

Notes
Turn   | Place    | Note
-------+----------+-------------------------------------------
     0 | D:1      | teukkam the Minotaur Fighter began the quest for the Orb.
     0 | D:1      | Reached XP level 1. HP: 19/19 MP: 0/0
   206 | D:1      | Reached XP level 2. HP: 26/27 MP: 1/1
   448 | D:2      | Found a sparkling altar of Nemelex Xobeh.
   450 | D:2      | Found a deep blue altar of Sif Muna.
   502 | D:3      | Found a hide-covered altar of Uskayaw.
   532 | D:3      | Found a burning altar of Makhleb.
   636 | D:3      | Reached XP level 3. HP: 33/33 MP: 2/2
   874 | D:3      | Reached skill level 1 in Slings
   900 | D:3      | Reached XP level 4. HP: 10/41 MP: 3/3
  1091 | D:3      | Found a glowing drain.
  1109 | Sewer    | Entered a sewer
  1239 | Sewer    | Noticed a big kobold
  1261 | Sewer    | Killed a big kobold
  1261 | Sewer    | Reached XP level 5. HP: 37/47 MP: 4/4
  1340 | Sewer    | Found a white marble altar of Elyvilon.
  1488 | D:4      | Found a sand-covered staircase.
  1501 | Ossuary  | Entered an ossuary
  1748 | Ossuary  | Reached skill level 5 in Fighting
  1748 | Ossuary  | Reached XP level 6. HP: 28/56 MP: 5/5
  1933 | Ossuary  | Reached skill level 5 in Armour
  2181 | D:4      | Reached skill level 5 in Shields
  2193 | D:4      | Found Saxt's Distillery.
  2211 | D:4      | Found a sacrificial altar of Ru.
  2285 | D:4      | Found an ornate altar of the Wu Jian Council.
  2293 | D:4      | Became a worshipper of the Wu Jian Council
  2366 | D:4      | Noticed Ijyb
  2415 | D:2      | Found a hazy altar of Hepliaklqana.
  3267 | D:2      | Reached * piety under Wu Jian
  3283 | D:2      | Found a stormy altar of Qazlal.
  3518 | D:3      | Found a sparkling altar of Nemelex Xobeh.
  3565 | D:4      | Killed Ijyb
  3863 | D:4      | Found a basalt altar of Yredelemnul.
  3916 | D:4      | Found a white marble altar of Elyvilon.
  3964 | D:5      | Entered Level 5 of the Dungeon
  4014 | D:5      | Noticed Pikel
  4017 | D:5      | Noticed a slave
  4019 | D:5      | Noticed a slave
  4021 | D:5      | Noticed a slave
  4032 | D:5      | Mangled by Pikel

Skill      XL: |  1  2  3  4  5  6 |
---------------+-------------------+-----
Fighting       | 4 5 |  5.2
Armour         | 4 5 |  5.2
Shields        | 4 5 |  5.2
Slings         | 1 2 |  2.7
Axes           | 3 4 |  4.2

Action                   |  1- 3 |  4- 6 || total
-------------------------+-------+-------++-------
Melee: War axe           |    56 |   164 ||   220
       Headbutt          |     8 |    23 ||    31
 Fire: Hunting sling     |       |    29 ||    29
       Blowgun           |       |     1 ||     1
Invok: Whirlwind         |       |    23 ||    23
       Lunge             |       |     4 ||     4
  Use: Scroll            |     2 |     5 ||     7
       Potion            |     1 |     3 ||     4
  Eat: Ration            |       |     3 ||     3
Armor: Scale mail        |    28 |    46 ||    74
       Leather armour    |       |     6 ||     6
Dodge: Dodged            |    20 |    55 ||    75
Block: Shield            |    34 |    78 ||   112
